 Dungeon Crawl Stone Soup version 0.30.1 (webtiles) character file.

Game seed: 15931601051833693759

73 Graphine the Shooter (level 4, -1/35 HPs)
             Began as a Formicid Hunter on July 9, 2023.
             Slain by a gnoll
             ... wielding a +0 flail
              (11 damage)
             ... on level 3 of the Dungeon.
             The game lasted 00:03:20 (1448 turns).

Graphine the Shooter (Formicid Hunter)              Turns: 1448, Time: 00:03:20

Health: -1/35      AC:  3    Str: 16    XL:     4   Next: 51%
Magic:  4/4        EV:  9    Int:  8    God:
Gold:   145        SH:  0    Dex: 19    Spells: 3/3 levels left

rFire   . . .        a - +0 shortbow
rCold   . . .        (no shield)
rNeg    . . .        c - +0 leather armour
rPois   .            (helmet unavailable)
rElec   .            (no cloak)
rCorr   .            (no gloves)
SInv    +            (no boots)
Will    .....        (no amulet)
Stlth   ++           (no ring)
HPRegen 0.25/turn    (no ring)
MPRegen 0.09/turn

%: no passive effects
@: constricted
A: permanent stasis, dig shafts and tunnels, antennae 3, four strong arms
a: Dig, Shaft Self


You were on level 3 of the Dungeon.
You visited 1 branch of the dungeon, and saw 3 of its levels.

You collected 145 gold pieces.

Inventory:

Hand Weapons
 a - a +0 shortbow (weapon)
Armour
 c - a +0 leather armour (worn)
Wands
 p - a wand of roots (9)
Scrolls
 b - a scroll of immolation
 e - 2 scrolls of magic mapping {unknown}
 h - a scroll of blinking {unknown}
 i - a scroll of teleportation {unknown}
 k - a scroll of vulnerability {unknown}
 l - a scroll of summoning {unknown}
 m - a scroll of identify {unknown}
 o - a scroll of brand weapon {unknown}
 q - a scroll of enchant weapon {unknown}
Potions
 d - a potion of heal wounds {unknown}
 f - a potion of haste
 g - a potion of lignification {unknown}
 j - 2 potions of resistance {unknown}
 n - a potion of experience {unknown}


   Skills:
 + Level 3.3 Fighting
 + Level 4.5 Ranged Weapons
 + Level 2.6 Dodging
 - Level 1.2 Stealth


You had 3 spell levels left.
You didn't know any spells.
Your spell library was empty.

Dungeon Overview and Level Annotations

Branches:
Dungeon (3/15)

Altars:

Shops:
D:1 !

Annotations:
D:3 Grinder


Innate Abilities, Weirdness & Mutations

You cannot be hasted, slowed, berserked, paralysed or teleported.
You can dig through walls and to a lower floor.
You have a pair of large antennae on your head. (SInv)
Your four strong arms can wield two-handed weapons with a shield.


Message History

The gnoll hits you with a +0 club.
You shoot an arrow. The arrow hits the gnoll!
You kill the gnoll!
You see here a +0 club.
There is an open door here.
There is a stone staircase leading down here.
You climb downwards.
Level annotation: Grinder Grinder blinks!
The ball python bites you but does no damage.
The ball python closely misses you. The bat closely misses you.
The ball python closely misses you. x2
There is a stone staircase leading up here.
The bat closely misses you. The gnoll hits you with a +0 flail.
The ball python misses you. The ball python grabs you.
You stop ascending the stairs.
The ball python constricts you. The bat barely misses you.
Unknown command.
You escape the ball python's grasp.
The bat hits you. The gnoll barely misses you.
The gnoll hits you with a +0 flail! The ball python misses you.
The ball python grabs you.
You stop ascending the stairs.
The ball python constricts you.
Unknown command.
Okay, then.
Okay, then.
Okay, then.
You are too injured to fight recklessly!
You are too injured to fight recklessly!
You shoot an arrow.
The arrow barely misses the ball python.
You hear an angry hiss.
The bat barely misses you. x2
The gnoll hits you from afar with a +0 spear.
* * * LOW HITPOINT WARNING * * *
The gnoll closely misses you. Grinder barely misses you.
The ball python barely misses you. The ball python constricts you.
You shoot an arrow.
The arrow barely misses the ball python.
The bat completely misses you. The gnoll hits you with a +0 flail!
You die...

#.# #######.#
#.......# #<.#
# #..#######
.#.###b........
.......g######.
..)...5.gl.#
#.##..S@##.# #
#....# # #....#
#..... ##....
#.##.. #. .. ##
..#


You could see Grinder, an iguana, 2 gnolls, a bat and a ball python.

Vanquished Creatures
  A gnoll (D:2)
  A worm (D:2)
  6 ball pythons
  5 endoplasms
  9 goblins
  7 hobgoblins
  6 jackals (D:1)
  A quokka (D:2)
  5 bats
  3 frilled lizards
  3 kobolds
  4 rats (D:2)
51 creatures vanquished.

Notes
Turn   | Place    | Note
-------+----------+-------------------------------------------
     0 | D:1      | Graphine the Formicid Hunter began the quest for the Orb.
     0 | D:1      | Reached XP level 1. HP: 16/16 MP: 1/1
   146 | D:1      | Reached XP level 2. HP: 23/23 MP: 2/2
   156 | D:1      | Found Kifremoq's Distillery.
   328 | D:1      | Reached XP level 3. HP: 28/28 MP: 3/3
   921 | D:2      | Reached XP level 4. HP: 35/35 MP: 4/4
   928 | D:2      | Found a faded altar of an unknown god.
  1385 | D:3      | Noticed Grinder
  1448 | D:3      | Slain by a gnoll

Illustrated notes

Levels and vault maps discovered:
D:1:      wander_arrival_desolate, layout_basic, serial_shops,
          nicolae_shop_statue_plus, serial_bayou_ford_a
D:2:      layout_basic, ebering_ecumenical_altar_rust, corexii_leaking_fountain
D:3:      layout_loops_ring, grunt_temple_overflow_forces_of_nature,
          serial_shops, nicolae_square_shop, uniq_grinder

Skill      XL: |  1  2  3 |
---------------+----------+-----
Dodging        | 2 |  2.6
Fighting       | 3 |  3.3
Ranged Weapons | |  4.5
Stealth        | |  1.2

Action                     |  1- 3 |  4- 6 || total
---------------------------+-------+-------++-------
   Fire: Shortbow          |    84 |    42 ||   126
Ability: Dig               |     4 |       ||     4
 Armour: Leather armour    |     7 |     4 ||    11
  Dodge: Dodged            |    12 |    29 ||    41
